 Dungeon Crawl Stone Soup version 0.31-a0-986-g5e6e4ef867 (webtiles) character file.

Game seed: 12388333203702343004

730 Persephone the Chopper (level 7, 0/41 HPs)
             Began as a Gargoyle Fighter on Nov 13, 2023.
             Was an Initiate of Okawaru.
             Slain by a wight
             ... wielding a +3 halberd
              (4 damage)
             ... on level 5 of the Dungeon.
             The game lasted 00:05:33 (3717 turns).

Persephone the Chopper (Gargoyle Fighter)           Turns: 3717, Time: 00:05:34

Health: 0/41       AC: 15    Str: 22    XL:     7   Next: 73%
Magic:  7/7        EV:  9    Int:  8    God:    Okawaru [......]
Gold:   198        SH:  5    Dex: 15    Spells: 6/6 levels left

rFire   . . .        a - +1 war axe (flame)
rCold   . . .        c - +0 buckler
rNeg    + + .        b - +0 scale mail
rPois   ∞            u - +0 helmet
rElec   +            w - +0 cloak
rCorr   .            (no gloves)
SInv    .            v - +0 pair of boots
Will    .....        (no amulet) Stlth
                     j - ring of positive energy
HPRegen 0.26/turn    i - +6 ring of dexterity
MPRegen 0.10/turn

%: no passive effects
@: no status effects
A: sickness immunity, AC +4, negative energy resistance 1, electricity
resistance, torment resistance 1, petrification resistance
a: Renounce Religion


You were on level 5 of the Dungeon.
You worshipped Okawaru.
Okawaru was noncommittal.
You visited 1 branch of the dungeon, and saw 5 of its levels.

You collected 198 gold pieces.

Inventory:

Hand Weapons
 a - a +1 war axe of flaming (weapon)
Armour
 b - a +0 scale mail (worn)
 c - a +0 buckler (worn)
 u - a +0 helmet (worn)
 v - a +0 pair of boots (worn)
 w - a +0 cloak (worn)
Jewellery
 i - a +6 ring of dexterity (right hand)
 j - a ring of positive energy (left hand)
Wands
 d - a wand of polymorph (5)
 e - a wand of light (10)
 l - a wand of mindburst (5)
Scrolls
 s - a scroll of brand weapon
Potions
 f - a potion of brilliance
 g - a potion of degeneration
 h - a potion of attraction {unknown}
 m - a potion of berserk rage {unknown}
 n - a potion of haste {unknown}
 o - a potion of enlightenment {unknown}
 p - a potion of ambrosia {unknown}
 q - 2 potions of cancellation
 r - 2 potions of heal wounds {unknown}
 t - a potion of curing {unknown}


   Skills:
 - Level 3.2 Fighting
 + Level 7.8 Axes
 - Level 3.2 Armour
 - Level 3.2 Shields


You had 6 spell levels left.
You didn't know any spells.
Your spell library contained the following spells:

 Spells                   Type           Power      Damage    Failure   Level
 Kiss of Death            Conj/Necr      0%         2d5       80%         1
 Magic Dart               Conj           0%         1d3       80%         1
 Ensorcelled Hibernation  Hex/Ice        0%         N/A       91%         2
 Passwall                 Tmut/Erth      0%         N/A       91%         2
 Searing Ray              Conj           0%         2d4       91%         2
 Confusing Touch          Hex            0%         N/A       99%         3
 Swiftness                Air            0%         N/A       99%         3
 Dispel Undead            Necr           0%         3d6       100%        4
 Fulminant Prism          Conj/Hex       0%         3d5       100%        4


Dungeon Overview and Level Annotations

Branches:
Dungeon (5/15)
 Temple: D:4-7

Altars:
Okawaru
The Shining One


Innate Abilities, Weirdness & Mutations

You are immune to sickness and miasma.
Your stone body is resilient. (AC +4)
You are immune to poison.
You resist negative energy. (rN+)
You are resistant to electric shocks. (rElec)
You are resistant to unholy torment.
You are immune to petrification.


Message History

You closely miss the iguana.
The iguana is severely wounded.
The iguana bites you but does no damage.
You hit the iguana. You burn the iguana.
You kill the iguana!
Okawaru accepts your kill.
A quokka comes into view.
You slash the quokka! You burn the quokka.
You kill the quokka!
Okawaru accepts your kill.
You see here a quokka corpse.
There is a stone staircase leading down here.
Auto kill stopped - Too dangerous: Extremely Dangerous (0) Dangerous (2) Easy (0) Harmless (0) 2 wights come into view.
You feel agile.
i - a +6 ring of dexterity (right hand)
A wight comes into view. It is wielding a +0 trident.
You closely miss the wight.
The wight hits you from afar with a +3 halberd.
A wight comes into view. It is wielding a +0 long sword.
The wight barely misses you.
A wight comes into view. It is wielding a +0 scimitar.
You hit the wight. You burn the wight.
The wight is heavily damaged.
The wight hits you with a +0 great sword!
The wight barely misses you.
You are too injured to fight recklessly!
Okay, then.
You hit the wight but do no damage.
The wight is heavily damaged.
The wight hits you with a +0 great sword!
The wight hits you from afar with a +3 halberd!
* * * LOW HITPOINT WARNING * * *
Okay, then.
Okay, then.
You closely miss the wight.
The wight is heavily damaged.
The wight barely misses you.
The wight hits you from afar with a +3 halberd.
You die...

#........##.##.#
#......#.##.##.#
#......#....##.#
#.####†#.#####.#
#.#......# #.##
#.#......#####..###
#.#.....###.......#
#.#.....# #.###...#
..####..# # ##@.#
###
#..........z.......
..####...###.z####.
### #.. .z.. #.
..#.. # ...zz..
....... #.#....


You could see 5 wights.

Vanquished Creatures
  An ice beast (D:5)
  A black bear (D:4)
  An ogre (D:4)
  2 scorpions (D:4)
  A howler monkey (D:5)
  Natasha (twice) (D:2)
  Ijyb (D:4)
  3 iguanas
  Robin (D:3)
  4 adders
  4 worms
  8 orcs
  6 endoplasms
  6 giant cockroaches
  11 goblins
  11 hobgoblins
  6 jackals
  6 kobolds
  4 quokkas
  6 ball pythons
  5 bats
  4 frilled lizards
  8 rats
102 creatures vanquished.

Notes
Turn   | Place    | Note
-------+----------+-------------------------------------------
     0 | D:1      | Persephone the Gargoyle Fighter began the quest for the
                  | Orb.
     0 | D:1      | Reached XP level 1. HP: 14/14 MP: 1/1
    73 | D:1      | Reached skill level 2 in Axes
   326 | D:1      | Reached XP level 2. HP: 19/19 MP: 2/2
   623 | D:1      | Reached skill level 3 in Axes
   658 | D:1      | Reached XP level 3. HP: 19/23 MP: 3/3
  1079 | D:2      | Reached XP level 4. HP: 28/28 MP: 4/4
  1261 | D:2      | Found a faded altar of an unknown god.
  1326 | D:2      | Noticed Natasha
  1338 | D:2      | Killed Natasha
  1339 | D:2      | Reached skill level 4 in Axes
  1898 | D:3      | Reached XP level 5. HP: 29/32 MP: 5/5
  1987 | D:3      | Noticed Robin
  2001 | D:3      | Killed Robin
  2075 | D:2      | Noticed Natasha
  2084 | D:2      | Killed Natasha
  2085 | D:2      | Reached skill level 5 in Axes
  2715 | D:4      | Reached XP level 6. HP: 28/37 MP: 6/6
  2721 | D:4      | Noticed Ijyb
  2725 | D:4      | Noticed a black bear
  2735 | D:4      | Killed Ijyb
  2740 | D:4      | Killed a black bear
  2741 | D:4      | Reached skill level 6 in Axes
  2862 | D:4      | Reached XP level 7. HP: 41/41 MP: 7/7
  2921 | D:4      | Found a glowing golden altar of the Shining One.
  2959 | D:4      | Found an iron altar of Okawaru.
  2984 | D:4      | Became a worshipper of Warmaster Okawaru
  3186 | D:4      | Reached skill level 7 in Axes
  3430 | D:5      | Entered Level 5 of the Dungeon
  3717 | D:5      | Slain by a wight

Illustrated notes

Levels and vault maps discovered:
D:1:      elethiomel_arrival_infinity_welcomes_careful_drivers,
          layout_loops_ring
D:2:      wander_river, layout_basic,
          dreamdust_ecumenical_altar_angels_and_demons, grunt_ministairs_2,
          minmay_ruptured, uniq_natasha
D:3:      layout_loops_ring, uniq_robin
D:4:      layout_rooms, okawaru_ov_weapons_minmay, lemuel_tele_altar,
          roderic_st_hans_cross, st_stairs_5, uniq_ijyb
D:5:      layout_basic, cheibrodos_sewer_entry_bend

Skill      XL: |  1  2  3  4  5  6  7 |
---------------+----------------------+-----
Axes           | 2 3 4 5 6 7 |  7.8
Fighting       | |  3.2
Armour         | |  3.2
Shields        | |  3.2

Action                     |  1- 3 |  4- 6 |  7- 9 || total
---------------------------+-------+-------+-------++-------
  Melee: War axe           |   102 |   153 |    51 ||   306
         Unarmed           |       |    10 |       ||    10
    Use: Potion            |       |     3 |       ||     3
         Scroll            |       |     5 |     3 ||     8
 Armour: Scale mail        |    84 |   128 |    34 ||   246
         Skin              |       |     3 |       ||     3
  Dodge: Dodged            |    45 |    63 |    18 ||   126
  Block: Buckler           |    19 |    31 |     4 ||    54

Table legend: (Time is in decaauts)
 A = Elapsed time spent in this place.
 B = Non-inter-level travel time spent in this place.
 C = Inter-level travel time spent in this place.
 D = Time resting spent in this place.
 E = Time spent auto-exploring this place.
 F = Levels seen in this place.
 G = Mean time per level.
                   A        B        C        D        E       F      G
               +--------+--------+--------+--------+--------+-----+--------+
         Total |   3825 |   3590 |    235 |      0 |   2835 |   5 |  765.0 |
       Dungeon |   3825 |   3590 |    235 |      0 |   2835 |   5 |  765.0 |
               +--------+--------+--------+--------+--------+-----+--------+

Top non-repeatable levels by time:
     D:1: 995 daAuts
     D:2: 939 daAuts
     D:3: 812 daAuts
     D:4: 785 daAuts
     D:5: 292 daAuts
